 Dungeon Crawl Stone Soup version 0.26-b1-32-g5d43845318 (webtiles) character file.

Game seed: 16664137175390895979

43443 MisterFreud the Blocker (level 13, -4/118 (133) HPs)
             Began as a Troll Fighter on Jan 12, 2021.
             Was a High Priest of Ru.
             Slain by a cane toad (21 damage)
             ... on level 5 of the Lair of Beasts.
             The game lasted 00:30:19 (14673 turns).

MisterFreud the Blocker (Troll Fighter)            Turns: 14673, Time: 00:30:20

HP:   -4/118 (133)  AC: 13    Str: 29    XL:     13   Next: 90%
MP:   12/12         EV: 12    Int:  6    God:    Ru [*****.]
Gold: 813           SH: 13    Dex:  9    Spells: 12/12 levels left

rFire    x . .     SeeInvis +     - Unarmed
rCold    . . .     Faith    .   b - +0 kite shield
rNeg     . . .     Spirit   .   O - +2 robe {rC+}
rPois    .         Reflect  .   (helmet restricted)
rElec    .         Harm     .   l - +0 cloak
rCorr    .         Rampage  .   (gloves unavailable)
Will     .....                  (boots unavailable)
Stlth    +.........             A - amulet of the acrobat
HPRegen  0.69/turn              F - ring of see invisible
MPRegen  0.13/turn              D - +4 ring of protection

@: lethally poisoned (-4 -> -4), exhausted, heavily drained
A: large, unfitting armour, claws 3, regeneration 1, shaggy fur 1, tough skin 3,
inability to use devices, temperature sensitive
a: Renounce Religion, Draw Out Power, Power Leap, Apocalypse


You were on level 5 of the Lair of Beasts.
You worshipped Ru.
Ru was extremely pleased with you.
You visited 2 branches of the dungeon, and saw 18 of its levels.
You also visited: Gauntlet.

You collected 903 gold pieces.
You spent 90 gold pieces at shops.

Inventory:

Hand Weapons
 k - a +1 morningstar of draining
Missiles
 t - 12 large rocks (quivered)
 E - 14 boomerangs
Armour
 a - a +0 robe
 b - a +0 kite shield (worn)
 l - a +0 cloak (worn)
 v - a +1 tower shield
 O - a +2 robe of cold resistance (worn)
Jewellery
 h - an uncursed ring of poison resistance
 q - an uncursed amulet of regeneration
 A - an amulet of the acrobat (around neck)
 D - a +4 ring of protection (right claw)
 F - a ring of see invisible (left claw)
 L - a +6 ring of intelligence
 N - an uncursed ring of ice
 P - an uncursed ring of protection from fire
 T - an uncursed ring of protection from cold
Scrolls
 d - 5 scrolls of identify
 m - 3 scrolls of enchant armour
 n - 4 scrolls of enchant weapon
 o - 9 scrolls of teleportation
 r - 4 scrolls of remove curse
 w - 4 scrolls of amnesia
 y - 8 scrolls of immolation
 G - a scroll of blinking
 H - a scroll of fear
 K - 3 scrolls of fog
Potions
 c - 2 potions of might
 e - 7 potions of curing
 f - a potion of heal wounds
 g - a potion of lignification
 i - 3 potions of mutation
 j - a potion of magic
 p - 2 potions of haste
 s - 2 potions of resistance
 u - a potion of ambrosia
 x - a potion of attraction
 C - a potion of invisibility
 I - 2 potions of brilliance {unknown}
 Q - 2 potions of degeneration {unknown}


   Skills:
 - Level 10.0 Fighting
 - Level 6.0 Throwing
 - Level 6.0 Dodging
 + Level 13.2 Shields
 - Level 12.0 Unarmed Combat


You had 12 spell levels left.
You didn't know any spells.
Your spell library contained the following spells:

 Spells                   Type           Power        Failure   Level
 Animate Skeleton         Necr           0%           45%         1
 Corona                   Hex            0%           45%         1
 Magic Dart               Conj           0%           45%         1
 Pain                     Necr           0%           45%         1
 Shock                    Conj/Air       0%           45%         1
 Blink                    Tloc           N/A          58%         2
 Call Imp                 Summ           0%           58%         2
 Ensorcelled Hibernation  Hex/Ice        0%           58%         2
 Slow                     Hex            0%           58%         2
 Swiftness                Air            0%           58%         2
 Confusing Touch          Hex            0%           83%         3
 Conjure Flame            Conj/Fire      0%           83%         3
 Dazzling Flash           Conj/Hex       0%           83%         3
 Mephitic Cloud           Conj/Pois/Air  0%           83%         3
 Static Discharge         Conj/Air       0%           83%         3
 Tukima's Dance           Hex            0%           83%         3
 Vampiric Draining        Necr           0%           83%         3
 Airstrike                Air            0%           99%         4
 Animate Dead             Necr           0%           99%         4
 Agony                    Necr           0%           100%        5
 Bolt of Magma            Conj/Fire/Erth 0%           100%        5
 Iskenderun's Battlesphe  Conj           0%           100%        5
 Lightning Bolt           Conj/Air       0%           100%        5
 Iron Shot                Conj/Erth      0%           100%        6
 Orb of Destruction       Conj           0%           100%        7
 Spellforged Servitor     Conj/Summ      0%           100%        7


Dungeon Overview and Level Annotations

Branches:
Dungeon (12/15)            Temple (0/1) D:5            Lair (6/6) D:9
 Shoals (0/4) Lair:4       Spider (0/4) Lair:2      Gauntlet (visited)
  Slime: Lair:5-6       Orc: D:9-12

Altars:
Ashenzari
Cheibriados
Elyvilon
Gozag
Hepliaklqana
Nemelex Xobeh
Qazlal
Ru
Sif Muna
Trog
Uskayaw
Yredelemnul
Zin
The Shining One

Annotations:
D:7 2 transporters, Dirian's ghost, novice HOFi


Innate Abilities, Weirdness & Mutations

You are too large for most types of armour.
You have claws for hands.
Your natural rate of healing is unusually fast.
You are covered in fur. (AC +1)
You have extremely tough skin. (AC +3)
You cannot study or use magical devices.
You are sensitive to extremes of temperature. (rF-, rC-)


Message History

The cane toad is heavily wounded.
The cane toad stings you but does no damage.
You scratch the cane toad.
The cane toad is heavily wounded.
The cane toad stings you!
* * * LOW HITPOINT WARNING * * *
You scratch the cane toad.
The cane toad is severely wounded.
The cane toad barely misses you.
You barely miss the cane toad.
The cane toad is severely wounded.
You block the cane toad's attack.
You claw the cane toad!
The cane toad is almost dead.
You feel sick. The cane toad stings you!
* * * LOW HITPOINT WARNING * * *
You scratch the cane toad but do no damage.
The cane toad is almost dead.
The cane toad stings you!!
You die...

#####..............
#P####.............
##..#.#.............
#.............P.....
##...........PPP....
#P..........##.P..##
#...........###..##
##.F........# #..##
##)@.......## #...#
#...........# #..##
#..........## #..#
###........<####P.###
#P...........P#......
##P..................
##.P#....#.#........
#...#..######...##.
####....# #...###


You could see a cane toad.

Vanquished Creatures
  The ghost of zkyp the Tortoise, a journeyman BaFi of Fedhas (Lair:2)
  Fannar (Lair:2)
  3 hydras
  6 death yaks
  Nergalle (D:11)
  Pikel (D:5)
  A deep elf mage (D:12)
  A cyclops (D:11)
  A black mamba (Lair:5)
  3 elephants
  Joseph (D:9)
  12 cane toads
  12 komodo dragons
  A rime drake (Lair:4)
  A jumping spider (Lair:2)
  5 hornets
  3 polar bears (Lair:6)
  A troll (D:11)
  25 blink frogs
  A snapping turtle (Lair:4)
  A dream sheep (Lair:6)
  Sigmund (D:3)
  A vampire (D:9)
  12 spriggans
  2 wyverns (D:9)
  36 yaks
  3 redbacks (Lair:2)
  6 basilisks
  4 water moccasins
  3 black bears
  6 sky beasts
  2 orc warriors
  An eye of draining (D:11)
  A swamp drake (D:9)
  2 ice beasts (D:9)
  2 phantoms (D:6)
  3 boggarts (Lair:6)
  4 ogres
  3 centaurs
  24 wolves
  A lemure (D:5)
  2 big kobolds
  17 bullfrogs
  2 scorpions
  4 killer bees (D:9)
  8 wights
  6 howler monkeys
  2 jellies (D:6)
  A centaur zombie (D:9)
  A bullfrog zombie (D:12)
  3 hounds
  3 centaur skeletons
  3 orc priests
  7 orc wizards
  2 bullfrog skeletons
  Jessica (D:3)
  Natasha (thrice) (D:2)
  An iguana (D:4)
  6 hell rats
  8 worker ants
  A killer bee zombie (D:8)
  2 hound skeletons
  A worker ant zombie (D:9)
  Robin (D:3)
  15 gnolls
  12 adders
  2 shadow imps
  A white imp (D:5)
  5 ufetubi
  2 adder skeletons (D:7)
  4 worms
  3 dart slugs
  6 leopard geckos
  38 orcs
  5 bats
  8 giant cockroaches
  14 goblins
  8 hobgoblins
  10 jackals
  13 kobolds
  3 quokkas
  2 ball pythons
  4 frilled lizards
  A quokka zombie (D:6)
  8 rats
  A spectral orc (D:4)
449 creatures vanquished.

Vanquished Creatures (others)
  The ghost of Vig Uhad the Martial Artist, a journeyman OpTm of Cheibriados (Lair:5)
  A black mamba (Lair:4)
  A cane toad (Lair:5)
  A komodo dragon (Lair:6)
  A blink frog (Lair:4)
  A basilisk (Lair:3)
  A wolf (Lair:6)
  An orc (D:6)
  A demonic plant (Gauntlet)
  41 fungi
  27 plants
  4 withered plants
81 creatures vanquished.

Grand Total: 530 creatures vanquished

Notes
Turn   | Place    | Note
-------+----------+-------------------------------------------
     0 | D:1      | MisterFreud the Troll Fighter began the quest for the Orb.
     0 | D:1      | Reached XP level 1. HP: 22/22 MP: 0/0
   376 | D:1      | Reached XP level 2. HP: 29/29 MP: 1/1
   843 | D:2      | Reached XP level 3. HP: 36/36 MP: 2/2
   944 | D:2      | Found a hide-covered altar of Uskayaw.
  1031 | D:2      | Found an opulent altar of Gozag.
  1033 | D:2      | Noticed Natasha
  1038 | D:2      | Killed Natasha
  1058 | D:2      | Reached XP level 4. HP: 28/44 MP: 3/3
  1125 | D:2      | Found a glowing golden altar of the Shining One.
  1181 | D:2      | Reached skill level 5 in Unarmed Combat
  1214 | D:2      | Reached XP level 5. HP: 41/50 MP: 4/4
  1249 | D:2      | Found a hazy altar of Hepliaklqana.
  1315 | D:2      | Found a sacrificial altar of Ru.
  1323 | D:2      | Found a white marble altar of Elyvilon.
  1331 | D:2      | Became a worshipper of Ru the Awakened
  1563 | D:2      | Noticed Natasha
  1581 | D:2      | Killed Natasha
  1651 | D:2      | Noticed Natasha
  1674 | D:2      | Killed Natasha
  1856 | D:3      | Noticed Robin
  1921 | D:3      | Killed Robin
  1955 | D:3      | Reached XP level 6. HP: 34/59 MP: 5/5
  2017 | D:3      | Found a bloodstained altar of Trog.
  2118 | D:3      | Found a sparkling altar of Nemelex Xobeh.
  2330 | D:3      | Noticed Sigmund
  2391 | D:3      | Killed Sigmund
  2401 | D:3      | Gained mutation: You cannot study or use magical devices.
                  | [Ru sacrifice]
  2401 | D:3      | Reached * piety under Ru
  2401 | D:3      | Reached ** piety under Ru
  2526 | D:3      | Noticed Jessica
  2539 | D:3      | Killed Jessica
  2540 | D:3      | Reached XP level 7. HP: 58/66 MP: 6/6
  3034 | D:4      | Found a snail-covered altar of Cheibriados.
  3055 | D:4      | Found a basalt altar of Yredelemnul.
  3255 | D:5      | Entered Level 5 of the Dungeon
  3269 | D:5      | Reached skill level 3 in Shields
  3473 | D:5      | Reached XP level 8. HP: 73/78 MP: 7/7
  3490 | D:5      | Noticed Pikel
  3492 | D:5      | Found a white marble altar of Elyvilon.
  3538 | D:5      | Killed Pikel
  3539 | D:5      | Reached skill level 4 in Shields
  3600 | D:5      | Found a staircase to the Ecumenical Temple.
  3737 | D:5      | Reached skill level 5 in Fighting
  3737 | D:5      | Reached skill level 5 in Shields
  3752 | D:5      | Gained mutation: You are sensitive to extremes of
                  | temperature. (rF-, rC-) [Ru sacrifice]
  3752 | D:5      | Reached *** piety under Ru
  3752 | D:5      | Reached **** piety under Ru
  3752 | D:5      | Reached ***** piety under Ru
  4347 | D:6      | Reached XP level 9. HP: 75/89 MP: 8/8
  4531 | D:6      | Reached skill level 6 in Shields
  4830 | D:6      | Found a sparkling altar of Nemelex Xobeh.
  4919 | D:7      | Reached skill level 7 in Shields
  5036 | D:7      | Reached skill level 8 in Shields
  5085 | D:7      | Found a transporter.
  5087 | D:7      | Noticed Dirian's ghost (novice HOFi)
  5094 | D:7      | Found a transporter.
  5345 | D:7      | Found a shimmering blue altar of Sif Muna.
  5761 | D:8      | Found Zin's Purification Station.
  5766 | D:8      | Found a glowing silver altar of Zin.
  5776 | D:8      | Bought a potion of curing for 90 gold pieces
  5797 | D:8      | Reached skill level 1 in Throwing
  6273 | D:8      | Found a stormy altar of Qazlal.
  6318 | D:9      | Noticed Joseph
  6410 | D:9      | Reached XP level 10. HP: 87/98 MP: 9/9
  6451 | D:9      | Reached skill level 9 in Shields
  6604 | D:9      | Found a staircase to the Lair.
  6846 | D:9      | Reached skill level 5 in Throwing
  7183 | D:9      | Killed Joseph
  7253 | D:9      | Reached skill level 5 in Dodging
  7565 | D:9      | You fall into a shaft and drop 3 floors!
  7567 | D:12     | Noticed a deep elf mage
  7585 | D:12     | Noticed an orange demon
  7593 | D:12     | Killed a deep elf mage
  7836 | D:11     | Reached XP level 11. HP: 102/103 MP: 10/10
  7940 | D:11     | Noticed Nergalle
  7952 | D:11     | Killed Nergalle
  8286 | D:10     | Entered Level 10 of the Dungeon
  8451 | Lair:1   | Entered Level 1 of the Lair of Beasts
  8451 | Lair:1   | Found a gate leading to a gauntlet.
  8459 | Gauntlet | Entered a Gauntlet
  8459 | Gauntlet | Found a transporter.
  8459 | Gauntlet | Found a transporter.
  8459 | Gauntlet | Found a transporter.
  8459 | Gauntlet | Found a transporter.
  8463 | Gauntlet | Noticed a death scarab
  8542 | Lair:2   | Reached skill level 10 in Unarmed Combat
  8559 | Lair:2   | Noticed a four-headed hydra
  8789 | Lair:2   | Found a runed translucent door.
  8793 | Lair:2   | Noticed zkyp's ghost (journeyman BaFi)
  8843 | Lair:2   | Noticed Fannar
  8915 | Lair:2   | Killed Fannar
  9196 | Lair:3   | Found a broken altar of Ashenzari.
  9430 | Lair:4   | Reached XP level 12. HP: 54/115 MP: 2/11
  9433 | Lair:4   | Noticed a death yak
  9434 | Lair:4   | Noticed a death yak
  9434 | Lair:4   | Noticed a death yak
  9435 | Lair:4   | Noticed a death yak
  9437 | Lair:4   | Noticed a death yak
  9437 | Lair:4   | Noticed a death yak
  9492 | Lair:5   | Killed a death yak
  9495 | Lair:5   | Killed a death yak
  9779 | Lair:4   | Killed a death yak
  9788 | Lair:4   | Killed a death yak
  9790 | Lair:4   | Killed a death yak
  9794 | Lair:4   | Killed a death yak
  9844 | Lair:4   | Noticed a seven-headed hydra
 10148 | Lair:5   | Found a runed translucent door.
 10149 | Lair:5   | Noticed Vig Uhad's ghost (journeyman OpTm)
 10605 | Lair:5   | Reached skill level 10 in Fighting
 10616 | Lair:5   | Killed Vig Uhad's ghost
 10795 | Lair:4   | Killed a seven-headed hydra
 10838 | Lair:4   | Reached skill level 10 in Shields
 11219 | Lair:4   | Reached XP level 13. HP: 66/133 MP: 12/12
 11476 | Lair:4   | Found a staircase to the Shoals.
 11930 | Lair:3   | Reached skill level 11 in Shields
 12504 | Lair:2   | Found a hole to the Spider Nest.
 12532 | Lair:2   | HP: 6/133 [jumping spider (10)]
 13360 | Lair:2   | Killed zkyp's ghost
 13541 | Lair:6   | Entered Level 6 of the Lair of Beasts
 13659 | Lair:6   | Reached skill level 12 in Shields
 14625 | Lair:6   | Reached skill level 13 in Shields
 14673 | Lair:5   | Slain by a cane toad

Illustrated notes

Levels and vault maps discovered:
D:1:      ncdulo_lavacross, layout_basic
D:2:      layout_loops_ring, marbit_many_paths, lemuel_round_altar,
          amethyst_overflow_temple_binary, lemuel_crystal_altar,
          general_overflow_altar, uniq_natasha
D:3:      kennysheep_six_static_rooms, layout_basic, bloody_trog,
          lemuel_crystal_altar, uniq_robin, uniq_jessica, uniq_sigmund
D:4:      layout_rooms, yredelemnul_forgotten_temple_becter,
          kennysheep_slug_shrine
D:5:      layout_cave_pods, temple_fountains, elyvilon_altar_5, uniq_pikel
D:6:      layout_rooms, nemelex_diamond_rough_becter
D:7:      layout_loops_ring, nzn_ghost_randoct, chequers_serial_rivers_micro_b,
          led_sif_book
D:8:      layout_gridville, zin_purify, lemuel_coloured_pillars_altar,
          hangedman_abyss_or_decor_stabs
D:9:      layout_long_grid, erik_lair_dragon, uniq_joseph
D:10:     layout_loops_corners, kennysheep_boxes
D:11:     layout_irregular_city, serial_co_window_serial, co_window_paths_a,
          co_window_paths_a, co_window_corner_a, co_window_paths_b,
          co_window_of_opportunity_a, co_window_broadway_c,
          co_window_of_opportunity_b, co_window_unsneaky_path_c,
          co_window_broadway_a, co_window_broadway_c, co_window_cross_4,
          co_window_2corner, glass_columns_c, glass_columns_a, serial_shops,
          kennysheep_mini, enter_bailey_3, minmay_misc_feat_square,
          grunt_ministairs_10, billiards_dpeg, uniq_nergalle
D:12:     minmay_the_grid_octo_tiled_octocenter [minmay_the_grid_octo_toaster,
          minmay_the_grid_octo_empty, minmay_the_grid_octo_focus,
          minmay_the_grid_octo_checkerflower, minmay_the_grid_octo_prize_big_c,
          minmay_the_grid_square_5x5_spiral_small,
          minmay_the_grid_square_5x5_lines, minmay_the_grid_square_5x5_n_small,
          minmay_the_grid_square_5x5_bridge], layout_basic, david_orc_4
Lair:1:   layout_regular_city, gauntlet_entry_generic, grunt_megastairs_1
Lair:2:   layout_loops_ring, spider_nest_entry_funnel_web,
          gammafunk_ghost_grave, grunt_megastairs_3, serial_bayou_shore_b,
          uniq_fannar
Lair:3:   layout_chaotic_city, basic_altar, grunt_megastairs_4
Lair:4:   layout_cave_shapes, minmay_shoals_entry_hut, grunt_megastairs_5
Lair:5:   layout_small_grid, ebering_ghost_inner_flame
Lair:6:   minmay_lair_end_enchanted_forest, layout_cave_pods,
          minmay_slime_entry_oklob_enclosed

Skill      XL: |  1  2  3  4  5  6  7  8  9 10 11 12 13 |
---------------+----------------------------------------+-----
Unarmed Combat | 3 4 5 6 7 8 12 | 12.0
Fighting       | 3 5 6 7 10 | 10.0
Shields        | 3 5 8 9 10 13 | 13.2
Throwing       | 1 6 |  6.0
Dodging        | 5 6 |  6.0

Action                   |  1- 3 |  4- 6 |  7- 9 | 10-12 | 13-15 || total
-------------------------+-------+-------+-------+-------+-------++-------
Melee: Unarmed           |    76 |   195 |   404 |   634 |   454 ||  1763
Throw: Large rock        |       |       |       |     6 |     7 ||    13
Invok: Sacrifice Artific |       |     1 |       |       |       ||     1
       Sacrifice Resista |       |       |     1 |       |       ||     1
       Reject Sacrifices |       |       |     1 |     1 |       ||     2
       Apocalypse        |       |       |       |     3 |     2 ||     5
       Draw Out Power    |       |       |       |       |     3 ||     3
Evoke: Wand              |       |     2 |       |       |       ||     2
  Use: Scroll            |       |       |       |    22 |     2 ||    24
       Potion            |       |       |       |       |     2 ||     2
 Stab: Sleeping          |     1 |       |     2 |       |       ||     3
       Distracted        |       |       |     2 |     2 |       ||     4
       Invisible         |       |       |       |     5 |     3 ||     8
       Paralysed         |       |       |       |     7 |     3 ||    10
Armor: Robe              |    23 |    54 |    90 |    70 |    96 ||   333
Dodge: Dodged            |    19 |    67 |   100 |   173 |   179 ||   538
Block: Kite shield       |    27 |    72 |   173 |   258 |   233 ||   763
